 Dungeon Crawl Stone Soup version 0.29.1-13-g9f3cf754e1 (webtiles) character file.

Game seed: 2113345999479114995

1539 javelincjr the Summoner (level 8, 0/43 (44) HPs)
             Began as a Tengu Summoner on Feb 9, 2023.
             Slain by an orc
             ... wielding a +2 dagger of freezing
              (1 damage)
             ... on level 7 of the Dungeon.
             The game lasted 00:34:34 (7454 turns).

javelincjr the Summoner (Tengu Summoner)            Turns: 7454, Time: 00:34:34

HP:   0/43 (44)     AC:  2    Str: 11    XL:     8   Next: 86%
MP:   13/19         EV: 14    Int: 16    God:
Gold: 321           SH:  3    Dex: 14    Spells: 8/21 levels left

rFire   . . .      SeeInvis +   i - +4 dagger (venom)
rCold   . . .      Faith    .   u - +0 buckler
rNeg    . . .      Spirit   .   a - +0 robe
rPois   +          Reflect  .   (helmet restricted)
rElec   .          Harm     .   (no cloak)
rCorr   .          Rampage  .   (no gloves)
Will    .....                   (boots unavailable)
Stlth   ++........              D - amulet of magic regeneration
HPRegen 0.14/turn               s - ring of poison resistance
MPRegen 0.56/turn               G - ring of see invisible

@: flying quickly and evasively, lightly drained, quick
A: beak, talons 3, nimble flight
a: no special abilities


You were on level 7 of the Dungeon.
You visited 2 branches of the dungeon, and saw 8 of its levels.

You collected 321 gold pieces.

Inventory:

Hand Weapons
 d - a +3 short sword
 e - a +0 dagger of holy wrath
 i - a +4 dagger of venom (weapon)
 m - a +0 dagger of venom
Missiles
 g - 4 boomerangs
 j - 14 poisoned darts
 r - 6 curare-tipped darts
 x - a throwing net
Armour
 a - a +0 robe (worn)
 u - a +0 buckler (worn)
Jewellery
 s - a ring of poison resistance (left hand)
 w - an amulet of the acrobat
 D - an amulet of magic regeneration (around neck)
 G - a ring of see invisible (right hand)
Wands
 p - a wand of mindburst (28)
 z - a wand of roots (5)
 C - a wand of charming (9)
Scrolls
 c - 3 scrolls of teleportation
 f - 2 scrolls of identify
 h - 2 scrolls of poison
 n - 2 scrolls of blinking {unknown}
 t - a scroll of amnesia {unknown}
 v - 2 scrolls of magic mapping {unknown}
 y - 2 scrolls of enchant armour {unknown}
 A - a scroll of fear {unknown}
 E - a scroll of brand weapon {unknown}
 H - a scroll of enchant weapon {unknown}
Potions
 b - 2 potions of magic
 k - a potion of berserk rage {unknown}
 l - a potion of haste {unknown}
 o - a potion of might {unknown}
 q - a potion of cancellation {unknown}
 F - a potion of attraction {unknown}
Miscellaneous
 B - a piece from Xom's chessboard (15/15)


   Skills:
 + Level 2.0 Fighting
 + Level 1.4 Short Blades
 + Level 3.0 Dodging
 + Level 3.2 Stealth
 + Level 7.1 Spellcasting
 + Level 1.0 Hexes
 + Level 8.9 Summonings


You had 8 spell levels left.
You knew the following spells:

 Your Spells              Type           Power      Damage    Failure   Level
a - Summon Small Mammal   Summ           100%       N/A       1%          1
b - Call Imp              Summ           34%        N/A       1%          2
c - Call Canine Familiar  Summ           34%        N/A       1%          3
d - Summon Guardian Gole  Hex/Summ       21%        N/A       6%          3
e - Summon Lightning Spi  Summ/Air       19%        N/A       26%         4

Your spell library contained the following spells:

 Spells                   Type           Power      Damage    Failure   Level
 Gell's Gravitas          Tloc           5%         N/A       45%         3
 Lesser Beckoning         Tloc           5%         N/A       45%         3
 Ozocubu's Armour         Ice            5%         N/A       45%         3
 Teleport Other           Tloc           5%         N/A       45%         3
 Metabolic Englaciation   Hex/Ice        3%         N/A       98%         5
 Simulacrum               Ice/Necr       2%         N/A       100%        6


Dungeon Overview and Level Annotations

Branches:
Dungeon (7/15)             Temple (1/1) D:4

Altars:
Ashenzari
Cheibriados
Dithmenos
Elyvilon
Fedhas
Gozag
Hepliaklqana
Kikubaaqudgha
Makhleb
Okawaru
Qazlal
Ru
Trog
Uskayaw
Vehumet
Wu Jian
Yredelemnul
Zin
The Shining One

Shops:
D:5 :


Innate Abilities, Weirdness & Mutations

You have a beak for a mouth.
You have claws for feet.
Your magical nature lets you fly swiftly and evasively.


Message History

The killer bee stings your lightning spire but does no damage.
The killer bee stings your lightning spire.
The killer bee stings your lightning spire but does no damage.
Your hound barely misses the orc.
Your white imp barely misses the orc.
The orc completely misses you. The orc barely misses your hound.
The orc hits you with a +2 dagger of freezing.
The orc freezes you. The orc warrior closely misses you.
The orc warrior hits your hound with a +0 hand axe!
The killer bee stings your lightning spire.
The killer bee barely misses you.
The killer bee stings your lightning spire but does no damage. x2
Your hound barely misses the orc warrior.
You hit the orc warrior.
The orc warrior is poisoned.
You claw the orc warrior, but do no damage.
The orc warrior is lightly wounded.
The killer bee stings your lightning spire but does no damage.
The killer bee closely misses you.
The killer bee stings your lightning spire but does no damage. x2
Your hound bites the orc warrior but does no damage.
Your white imp barely misses the orc.
The orc hits you with a +0 club. The orc misses your hound.
The orc barely misses you.
The orc warrior hits you with a +0 hand axe!
The orc warrior hits your hound with a +0 hand axe!
Your hound dies!
Your hound's corpse disappears in a puff of smoke!
The killer bee stings your lightning spire.
The killer bee stings your lightning spire!
Your lightning spire is destroyed!
Your lightning spire disappears in a puff of smoke!
You block the killer bee's attack. The killer bee stings you.
The wight hits you with a +3 falchion!
* * * LOW HITPOINT WARNING * * *
You feel drained.
* * * LOW HITPOINT WARNING * * *
Your white imp gestures at the orc.
The puff of frost misses the orc.
The orc barely misses you.
The orc hits you with a +2 dagger of freezing.
* * * LOW HITPOINT WARNING * * *
The orc freezes you.
You die...

.... ## ###...
..# #....##..#
## #........#
##..##....>....
.......y.......
.....§yyy......
....§oo@F......
#...§§ooz...$..
.>.....o5......
....z......####
.....z..!#..#
..##.###..#.# .
.. .. .. ...
... .#


You could see an orc warrior (very poisoned), a bullfrog, 4 killer bees, 3
wights, 4 orcs and a friendly white imp (summoned).

Vanquished Creatures
  An ogre (D:4)
  A bullfrog (D:6)
  A scorpion (D:5)
  2 gnoll boudas
  2 orc priests
  An iguana (D:4)
  4 adders
  3 gnolls
  A worm (D:3)
  A dart slug (D:2)
  8 orcs
  An endoplasm (D:2)
  2 giant cockroaches
  4 goblins
  8 hobgoblins
  A jackal (D:1)
  4 kobolds
  2 quokkas
  8 ball pythons
  4 bats (D:2)
  4 frilled lizards (D:2)
  2 rats
65 creatures vanquished.

Vanquished Creatures (collateral kills)
  2 black bears
  An ogre (D:6)
  2 scorpions
  2 hounds (D:6)
  2 jellies (D:6)
  3 orc priests
  5 iguanas
  3 orc wizards
  4 adders
  14 gnolls
  A white imp (D:5)
  2 worms
  A dart slug (D:4)
  7 orcs
  A bat (D:2)
  5 endoplasms
  2 goblins
  4 hobgoblins (D:4)
  2 jackals (D:1)
  A quokka (D:2)
  2 ball pythons
  2 kobolds
  3 rats
71 creatures vanquished.

Vanquished Creatures (others)
  A gnoll bouda (D:6)
  A gnoll (D:6)
2 creatures vanquished.

Grand Total: 138 creatures vanquished

Notes
Turn   | Place    | Note
-------+----------+-------------------------------------------
     0 | D:1      | javelincjr the Tengu Summoner began the quest for the Orb.
     0 | D:1      | Reached XP level 1. HP: 10/10 MP: 4/4
    19 | D:1      | Noticed a minotaur skeleton
   133 | D:1      | Reached skill level 5 in Summonings
   149 | D:1      | Reached XP level 2. HP: 11/15 MP: 1/6
   827 | D:1      | Reached XP level 3. HP: 19/19 MP: 4/7
  1357 | D:2      | Reached XP level 4. HP: 22/24 MP: 5/8
  1836 | D:3      | Found an ancient bone altar of Kikubaaqudgha.
  1881 | D:3      | Learned a level 2 spell: Call Imp
  1885 | D:3      | Learned a level 3 spell: Call Canine Familiar
  2092 | D:3      | Reached skill level 1 in Short Blades
  2148 | D:3      | Gained mutation: Your magical nature lets you fly swiftly
                  | and evasively. [Tengu growth]
  2148 | D:3      | Reached XP level 5. HP: 28/28 MP: 10/10
  2250 | D:3      | Identified the +8 mace "Tabepponec" {protect, *Corrode rC+
                  | Str+4}
  2289 | D:3      | Reached skill level 6 in Summonings
  2834 | D:4      | Noticed a black bear
  2848 | D:4      | Killed a black bear
  2849 | D:4      | Reached XP level 6. HP: 33/33 MP: 1/12
  3027 | D:4      | Reached skill level 7 in Summonings
  3278 | D:4      | Found a staircase to the Ecumenical Temple.
  3284 | Temple   | Entered the Ecumenical Temple
  3883 | Temple   | Reached XP level 7. HP: 6/37 MP: 4/14
  4432 | D:5      | Entered Level 5 of the Dungeon
  4442 | D:5      | Reached skill level 1 in Fighting
  4673 | D:5      | Reached skill level 5 in Spellcasting
  5360 | D:5      | Reached skill level 8 in Summonings
  5360 | D:5      | Reached XP level 8. HP: 39/43 MP: 5/17
  5388 | D:5      | Learned a level 3 spell: Summon Guardian Golem
  5393 | D:5      | Learned a level 4 spell: Summon Lightning Spire
  5931 | D:5      | Found Uqut's Book Shoppe.
  6853 | D:6      | Found a burning altar of Makhleb.
  7276 | D:6      | Reached skill level 1 in Hexes
  7454 | D:7      | HP: 1/43 [orc/+2 dagger of freezing (2)]
  7454 | D:7      | Slain by an orc

Illustrated notes

Levels and vault maps discovered:
D:1:      shiori_arrival_whats_in_store_for_you, layout_basic,
          nicolae_concentric_dashed_squares_wild, roderic_roman_lattice
D:2:      layout_rooms, guppyfry_early_lair_pool
D:3:      layout_basic, mainiacjoe_overflow_tiny_flanked,
          dreamdust_princess_corridor
D:4:      layout_gridville, minmay_temple_entry_hall, minmay_between
D:5:      layout_basic, serial_shops, nicolae_shop_behind_doors,
          minmay_liquid_box, hellmonk_bongcloud_opening
D:6:      layout_loops_ring, lemuel_coloured_pillars_altar, nicolae_sextant
D:7:      layout_cave_pools
Temple:   minmay_temple_bridge_d

Skill      XL: |  1  2  3  4  5  6  7  8 |
---------------+-------------------------+-----
Summonings     | 5 6 7 8 |  8.9
Short Blades   | 1 |  1.4
Spellcasting   | 3 4 5 7 |  7.1
Stealth        | 3 |  3.2
Fighting       | 1 2 |  2.0
Dodging        | 3 |  3.0
Hexes          | 1 |  1.0

Action                   |  1- 3 |  4- 6 |  7- 9 || total
-------------------------+-------+-------+-------++-------
Melee: Unarmed           |     3 |       |       ||     3
       Kick              |    11 |    15 |    21 ||    47
       Club              |    15 |       |       ||    15
       Dagger            |    45 |    54 |    47 ||   146
       Peck              |    13 |     7 |     9 ||    29
 Cast: Summon Small Mamm |    27 |    35 |    39 ||   101
       Call Canine Famil |       |    13 |    29 ||    42
       Call Imp          |       |    10 |    23 ||    33
       Summon Guardian G |       |       |     2 ||     2
       Summon Lightning  |       |       |     1 ||     1
  Use: Scroll            |       |     6 |       ||     6
 Stab: Sleeping          |     5 |     3 |       ||     8
       Distracted        |     1 |     1 |     1 ||     3
Armor: Robe              |    10 |     9 |       ||    19
Dodge: Dodged            |    46 |    27 |    45 ||   118
Block: Buckler           |       |     2 |     4 ||     6
